 Dungeon Crawl Stone Soup version 0.14.1 (webtiles) character file.

246 Quh the Distorting Demonspawn (level 4, -3/35 HPs)
             Began as a Demonspawn Abyssal Knight on Apr 29, 2014.
             Was a Believer of Lugonu.
             Killed from afar by an orc wizard (6 damage)
             ... with a puff of flame
             ... on Level 3 of the Dungeon.
             The game lasted 00:18:39 (2925 turns).

Quh the Distorting Demonspawn (DsAK)                Turns: 2925, Time: 00:18:39

HP  -3/35        AC  4     Str 13      XL: 4   Next: 73%
MP   8/8         EV 10     Int 13      God: Lugonu [**....]
Gold 127         SH  0     Dex 13      Spells:  0 memorised,  3 levels left

rFire  . . .     SeeInvis .     a - +1 spear
rCold  . . .     Clarity  .     v - +0 leather armour
rNeg   . . .     Conserve .     (no shield)
rPois  .         rCorr    .     k - +0 helmet
rElec  .         rRot     .     (no cloak)
SustAb . .       Spirit   .     (no gloves)
rMut   .         Warding  .     (no boots)
Saprov . . .     Stasis   .     (no amulet)
MR     .....                    (no ring)
                                (no ring)

@: not resistant to hostile enchantments, very unstealthy
A: powered by pain 2, spiny 1
a: Depart the Abyss, Bend Space, Renounce Religion


You were on level 3 of the Dungeon.
You worshipped Lugonu.
Lugonu was pleased with you.
You were near starving.

You visited 1 branch of the dungeon, and saw 3 of its levels.
You visited the Abyss 1 time.

You collected 127 gold pieces.

Inventory:

Hand weapons
 a - a +1,+1 spear (weapon)
 E - a +2,+2 spear
Missiles
 g - 12 darts (quivered)
Armour
 b - a +0 leather armour
 h - a cursed +0 plate armour
 k - a +0 helmet (worn)
 m - a +0 ring mail
 v - a +0 leather armour (worn)
 w - a +0 leather armour
 x - a +0 ring mail
 z - a +0 robe
Magical devices
 y - a wand of teleportation (6) {unknown}
Comestibles
 c - 2 bread rations
 s - a pear
 C - an apple
 F - a meat ration
Scrolls
 d - a scroll of enchant weapon I {unknown}
 f - 2 scrolls of teleportation {unknown}
 i - a scroll of enchant weapon II {unknown}
 l - a scroll of immolation {unknown}
 n - a scroll of identify {unknown}
 o - a scroll of noise {unknown}
 p - 4 scrolls of remove curse {unknown}
 q - a scroll of magic mapping {unknown}
 B - a scroll of enchant armour {unknown}
Jewellery
 u - a +5 ring of intelligence {unknown}
Potions
 e - 2 potions of confusion
 j - 2 potions of heal wounds
 r - a potion of resistance {unknown}
 t - a potion of curing {unknown}
 A - a potion of might {unknown}
 D - a potion of brilliance {unknown}


   Skills:
 - Level 3.0 Fighting
 * Level 3.3 Polearms
 - Level 1.7 Armour
 - Level 0.8 Dodging
 * Level 4.9 Invocations


You had 3 spell levels left.
You didn't know any spells.

Dungeon Overview and Level Annotations

Branches:
Dungeon (3/15)

Altars:


Innate Abilities, Weirdness & Mutations

You sometimes gain power by taking damage.
You are partially covered in sharp spines.


Message History

The orc wizard points at you and mumbles some strange words.
The puff of flame hits you!
The orc wizard points at you and mumbles some strange words.
You resist.
Things that are here:
a hobgoblin corpse; a scroll labeled TWIAMI DEFOESM You completely miss the orc wizard.
The orc wizard hits you with a flail. The orc barely misses you.
Something drops a dagger.
Something picks up an uncursed dagger.
You closely miss the orc wizard. The orc wizard hits you with a flail!
* * * LOW HITPOINT WARNING * * *
You hit the orc wizard.
The orc wizard is lightly wounded.
The orc wizard hits you with a flail!
* * * LOW HITPOINT WARNING * * *
You miss the orc wizard.
The orc wizard is lightly wounded.
The orc wizard points at you and mumbles some strange words.
The puff of flame hits you!
You die...

### #### ... ..###
#.# ##...##
###.###.....##
.............##### #.
#.##...<........
#.#.##o.........####.
#...o{@###.....##
###.#### ##....#
#.### ######.##
##...###.......#
##.....##.......#
#.......#.......#
#...<..b#.......#
#......o........#
##.....#o.......#


You could see an orc wizard and an orc.

Vanquished Creatures
  Ijyb (D:2)
  Jessica (D:2)
  2 adders (D:2)
  A worm (D:2)
  2 giant geckos
  2 orcs (D:3)
  11 bats
  2 giant cockroaches
  5 hobgoblins
  8 kobolds
  A ball python (D:2)
  3 giant newts
  8 goblins
  6 jackals
  2 rats
55 creatures vanquished.

Notes
Turn   | Place    | Note
--------------------------------------------------------------
     0 | Abyss:1  | Quh, the Demonspawn Abyssal Knight, began the quest for the Orb.
     0 | Abyss:1  | Reached XP level 1. HP: 18/18 MP: 1/1
    46 | Abyss:1  | Noticed a chaos spawn
    46 | D:1      | Escaped the Abyss
    57 | D:1      | Acquired Lugonu's first power
   324 | D:1      | Gained mutation: You sometimes gain a little power by taking damage. [demonic ancestry]
   324 | D:1      | Reached XP level 2. HP: 10/24 MP: 1/3
  1272 | D:2      | Noticed Ijyb
  1360 | D:2      | Gained mutation: You sometimes gain power by taking damage. [demonic ancestry]
  1360 | D:2      | Reached XP level 3. HP: 25/29 MP: 5/5
  1602 | D:2      | Killed Ijyb
  1602 | D:2      | Reached skill level 4 in Invocations
  1610 | D:2      | Acquired Lugonu's second power
  1658 | D:2      | Noticed Jessica
  1676 | D:2      | Killed Jessica
  1676 | D:2      | Gained mutation: You are partially covered in sharp spines. [demonic ancestry]
  1676 | D:2      | Reached XP level 4. HP: 21/35 MP: 5/7
  2925 | D:3      | Killed from afar by an orc wizard

Action                   |  1- 3 |  4- 6 || total
-------------------------+-------+-------++-------
Melee: Spear             |   160 |    95 ||   255
Invok: Depart the Abyss  |     1 |       ||     1
  Use: Potion            |     2 |       ||     2
